 Dungeon Crawl Stone Soup version 0.25.1-2-g60ff931 (webtiles) character file.

Game seed: 1629183626548217498

163 Atlas the Magician (level 5, 0/35 HPs)
             Began as a Mummy Ice Elementalist on Sept 14, 2020.
             Slain by Sigmund
             ... wielding a +0 scythe
              (10 damage)
             ... on level 3 of the Dungeon.
             The game lasted 00:07:18 (4005 turns).

Atlas the Magician (Mummy Ice Elementalist)         Turns: 4005, Time: 00:07:18

Health: 0/35       AC:  3    Str: 11    XL:     5   Next: 20%
Magic:  9/11       EV: 12    Int: 15    God:
Gold:   133        SH:  0    Dex: 13    Spells: 6/13 levels left

rFire    x . .     SeeInvis .   (no weapon)
rCold    + . .     Gourm    .   (no shield)
rNeg     + + +     Faith    .   a - +0 robe
rPois    ∞         Spirit   .   (no helmet)
rElec    .         Reflect  .   (no cloak)
rCorr    .         Harm     .   i - +0 pair of gloves
MR       .....                  (no boots)
Stlth    ++........             (no amulet)
HPRegen  0.11/turn              j - ring of flight
MPRegen  0.12/turn              (no ring)

@: frozen ramparts
A: no food or potions, fire vulnerability, cold resistance 1, negative energy
resistance 3, torment resistance, unbreathing
a: Evoke Flight


You were on level 3 of the Dungeon.
You were not hungry.

You visited 1 branch of the dungeon, and saw 3 of its levels.

You collected 133 gold pieces.

Inventory:

Armour
 a - a +0 robe (worn)
 i - a +0 pair of gloves (worn)
Jewellery
 j - a ring of flight (left hand)
Scrolls
 b - 3 scrolls of fear {unknown}
 c - 2 scrolls of remove curse {unknown}
 d - a scroll of immolation {unknown}
 e - 2 scrolls of identify {unknown}
 f - a scroll of enchant weapon {unknown}
 g - 3 scrolls of amnesia {unknown}
 h - a scroll of enchant armour {unknown}


   Skills:
 + Level 0.1 Fighting
 + Level 2.2 Dodging
 + Level 1.5 Stealth
 + Level 4.5 Spellcasting
 + Level 4.4 Ice Magic


You had 6 spell levels left.
You knew the following spells:

 Your Spells              Type           Power        Failure   Level  Hunger
a - Freeze                Ice            ###.         2%          1    N/A
b - Frozen Ramparts       Ice            ###...       9%          3    N/A
c - Ozocubu's Armour      Chrm/Ice       ##......     21%         3    N/A

Your spell library contained the following spells:

 Spells                   Type           Power        Failure   Level  Hunger
 Hailstorm                Conj/Ice       ##......     56%         4    N/A
 Summon Ice Beast         Ice/Summ       ##......     56%         4    N/A

Dungeon Overview and Level Annotations

Branches:
Dungeon (3/15)

Altars:

Annotations:
D:3 2 runed translucent doors, Sigmund; miket3c's ghost, amateur DsFE


Innate Abilities, Weirdness & Mutations

You do not eat or drink.
Your flesh is vulnerable to fire.
You are immune to poison.
Your flesh is cold resistant. (rC+)
You are immune to negative energy. (rN+++)
You are immune to unholy pain and torment.
You can survive without breathing.


Message History

The orc shouts! x2; You hear a shout!
The wall freezes Sigmund.
Sigmund's eyes start glowing with a red light.
Sigmund hits you but does no damage.
The orc priest invokes the aid of Beogh against you.
Beogh smites you!
The wall freezes the orc. x2; The orc hits you with a +0 flail.
* * * LOW HITPOINT WARNING * * *
The wall freezes Sigmund.
Sigmund drinks a potion.
Sigmund seems to speed up.
The wall freezes the orc.
The wall freezes Sigmund.
The wall freezes the orc.
The wall freezes Sigmund.
The wall freezes Sigmund.
The wall freezes the orc. x2
The wall freezes the orc.
Sigmund closely misses you.
The wall freezes the orc. x2
You kill the orc!
The wall freezes the orc.
You kill the orc!
There is a stone staircase leading up here.
Sigmund hits you from afar with a +0 scythe!
You die...

#....#.)...# #....#
#....#.....# #....#
#....#.....##########
######.....)o.oo!..
#....†##.....@
######.....# ....K
+...>..@..###......
##...........# ...
#..@o)......# ..
#...........# .
#...........#
#.....))....#
#...........#
#...........#
#...........#
#...........#
############# #


You could see Sigmund (fast), an orc priest and an orc.

Vanquished Creatures
  3 gnolls (D:3)
  3 adders (D:2)
  2 oozes (D:1)
  4 worms
  2 dart slugs
  3 orcs (D:3)
  A ball python (D:1)
  5 giant cockroaches
  12 goblins
  7 hobgoblins
  3 jackals (D:2)
  15 kobolds
  A quokka (D:2)
  7 bats
  3 frilled lizards
  8 rats
79 creatures vanquished.

Notes
Turn   | Place    | Note
-------+----------+-------------------------------------------
     0 | D:1      | Atlas the Mummy Ice Elementalist began the quest for the
                  | Orb.
     0 | D:1      | Reached XP level 1. HP: 13/13 MP: 4/4
   416 | D:1      | Reached XP level 2. HP: 19/19 MP: 0/5
   927 | D:1      | Reached XP level 3. HP: 24/24 MP: 5/7
  1687 | D:2      | Learned a level 3 spell: Frozen Ramparts
  1691 | D:2      | Learned a level 3 spell: Ozocubu's Armour
  2110 | D:2      | Reached XP level 4. HP: 27/30 MP: 2/9
  3141 | D:3      | Reached XP level 5. HP: 10/35 MP: 7/11
  3556 | D:3      | Found a large runed translucent door.
  3556 | D:3      | Found a large runed translucent door.
  3558 | D:3      | Noticed miket3c's ghost (amateur DsFE)
  3989 | D:3      | Noticed Sigmund
  4005 | D:3      | Slain by Sigmund

Illustrated notes

Levels and vault maps discovered:
D:1:      sevenhm_arrival_forest_fort_small_4, layout_basic, minmay_tall_x
D:2:      minmay_chambers_of_twos, layout_loops_cross
D:3:      layout_basic, ebering_ghost_disaster_area, uniq_sigmund

Skill      XL: |  1  2  3  4 |
---------------+-------------+-----
Spellcasting   | 3 4 |  4.5
Ice Magic      | 4 |  4.4
Dodging        | 2 |  2.2
Fighting       | |  0.1
Stealth        | |  1.5

Action                   |  1- 3 |  4- 6 || total
-------------------------+-------+-------++-------
Melee: Unarmed           |    13 |     7 ||    20
 Cast: Freeze            |    70 |    54 ||   124
       Frozen Ramparts   |       |     5 ||     5
 Stab: Sleeping          |     1 |       ||     1
Armor: Robe              |    19 |    11 ||    30
Dodge: Dodged            |    44 |    53 ||    97
